AoeStats
← The Scampy

Arabia

506901357Analyzed
4v4 RM · 15d ago on Sep 15, 2026· 40m 30s· 8 players
Game mode
Random Map
Map size
Large (8 player)
Population
200
Speed
Normal
Resources
Standard
Victory
Conquest
Starting age
Dark Age
Ending age
Imperial Age
RankedLock teamsTeams togetherTeam positionsShared explorationLock speedFull tech treeHidden civsTurbo modeCheats
Victory
Defeat
🇦🇺 Hindustanis · Australia
972
+13
🇩🇪 Britons · Germany
937
+14
🇮🇪 Burgundians · Ireland
921
+15
🇩🇪 Persians · Germany
806
+18
🇩🇪 Ethiopians · Germany
900
-16
🇩🇪 Magyars · Germany
894
-15
🇩🇪 Sicilians · Germany
892
-15
🇩🇪 Franks · Germany
874
-14
fylla
7:40 Loom
10:06 Feudal Age
11:05 Double-Bit Axe
13:22 Fletching
19:05 Scale Mail Armor
19:18 Forging
18:55 Horse Collar
23:10 Castle Age
21:19 Gold Mining
22:40 Scale Mail Armor
22:42 Padded Archer Armor
23:31 Crossbowman
24:08 Bodkin Arrow
26:26 Iron Casting
28:06 Wheelbarrow
27:17 Town Watch
28:16 Chain Mail Armor
30:03 Thumb Ring
30:44 Leather Archer Armor
32:05 Squires
32:28 Bow Saw
32:27 Heavy Plow
35:34 Ballistics
38:41 Hand Cart
38:27 Town Patrol
xy
10:09 Feudal Age
13:51 Bloodlines
16:41 Scale Barding Armor
17:48 Horse Collar
23:03 Castle Age
24:47 Double-Bit Axe
26:54 Fletching
27:06 Padded Archer Armor
28:37 Bodkin Arrow
36:00 Bow Saw
37:23 Padded Archer Armor
The Scampy
7:00 Loom
10:41 Feudal Age
20:36 Wheelbarrow
24:12 Double-Bit Axe
29:05 Horse Collar
Red_Tiger
3:07 Loom
11:08 Feudal Age
21:47 Forging
24:54 Scale Barding Armor
29:23 Castle Age
32:39 Chain Barding Armor
37:40 Elite Skirmisher
39:57 Town Watch
GrafSauerbraten
8:51 Loom
11:03 Feudal Age
12:58 Double-Bit Axe
17:33 Fletching
18:22 Padded Archer Armor
25:19 Castle Age
23:49 Horse Collar
25:13 Gold Mining
25:14 Stone Mining
25:42 Crossbowman
28:10 Forging
29:18 Bodkin Arrow
30:18 Town Watch
31:43 Heavy Plow
32:01 Bow Saw
35:56 Ballistics
36:39 Leather Archer Armor
38:09 Wheelbarrow
37:35 Town Patrol
41:58 Imperial Age
PrincessKaguya
0:31 Loom
12:36 Feudal Age
13:24 Double-Bit Axe
18:11 Forging
24:31 Castle Age
22:20 Horse Collar
22:57 Gold Mining
23:22 Stone Mining
24:47 Crossbowman
25:36 Thumb Ring
27:42 Wheelbarrow
29:26 Husbandry
31:18 Scale Barding Armor
32:56 Chain Barding Armor
41:22 Iron Casting
Alpha Robeeert
5:19 Loom
7:20 Double-Bit Axe
9:13 Horse Collar
9:57 Gold Mining
11:12 Wheelbarrow
16:14 Feudal Age
17:14 Bow Saw
19:01 Scale Barding Armor
22:13 Castle Age
21:58 Forging
22:31 Gold Shaft Mining
22:00 Heavy Plow
22:02 Town Watch
22:15 Cavalier
23:23 Chain Barding Armor
24:10 Loom
25:45 Two-Man Saw
26:42 Husbandry
32:12 Gold Shaft Mining
31:28 Stone Mining
33:36 Hand Cart
33:23 Town Patrol
39:01 Burgundian Vineyards
AlexanderDerGroße
13:38 Feudal Age
25:26 Forging
Connection lost

Rejoining the realm…

Still unreachable

The connection could not be restored.

Session expired

The server has moved on; the page needs a fresh start.